Map: Taito Citadel LE

Players

SCIInewby - Winner!

  • Race: Zerg Zerg
  • League: Master
  • Spawn Location: 11:00

Anov

  • Race: Terran Terran
  • League: Gold
  • Spawn Location: 5:00

VOD

Have the link to the VOD?

Description

Time

  • Played on: Feb. 6, 2026, 12:14 p.m.
  • Length: 14:07
Show
View Real Time Build Order
Export as new Build Order

SCIInewby Zerg - Winner!

Build Orders: Pool First 

Get SALT Encoding   

  12  0:00  Drone  
  13  0:08  Drone  
  14  0:14  Extractor  
  14  0:16  Drone  
  15  0:22  Overlord  
  15  0:39  Spawning Pool  
  15  0:42  Drone  
  15  0:47  Extractor  
  15  0:49  Drone  
  15  0:53  Drone  
  17  0:57  Drone  
  17  1:10  Drone  
  18  1:17  Overlord  
  18  1:27  Overlord  
  18  1:30  Queen  
  20  1:38  Drone  
  21  1:50  Zergling x2  
  22  2:03  Hatchery  
  22  2:06  Zergling x2  
  22  2:11  Metabolic Boost  
  23  2:15  Zergling x2  
  23  2:21  Zergling x2  
  24  2:37  Zergling x2  
  25  2:46  Zergling x4  
  25  2:47  Zergling x4  
  29  3:00  Zergling x2  
  29  3:06  Zergling x2  
  29  3:16  Drone  
  30  3:20  Queen  
  32  3:27  Drone x2  
  33  3:47  Zergling x6  
  36  4:08  Drone x2  
  36  4:09  Drone x4  
  40  4:14  Roach Warren  
  33  4:17  Lair  
  33  4:42  Overlord x2  
  33  4:43  Overlord  
  33  4:46  Extractor  
  33  4:47  Extractor  
  31  4:58  Extractor  
  30  5:02  Drone x4  
  30  5:03  Drone  
  30  5:04  Overlord  
  30  5:05  Roach x3  
  30  5:06  Roach x2  
  45  5:17  Drone x2  
  45  5:18  Spire  
  46  5:30  Roach x2  
  46  5:31  Roach x2  
  51  5:46  Glial Reconstitution  
  51  5:52  Roach x3  
  51  5:56  Drone  
  59  5:57  Drone x2  
  59  6:00  Overlord  
  59  6:01  Overlord  
  60  6:19  Drone x4  
  60  6:22  Drone x2  
  66  6:30  Mutalisk  
  66  6:31  Mutalisk x2  
  72  6:41  Drone x4  
  76  6:57  Infestation Pit  
  71  7:05  Mutalisk x2  
  59  7:15  Roach  
  59  7:16  Roach x3  
  67  7:37  Roach x5  
  67  7:43  Hatchery  
  74  7:47  Lair  
  74  7:50  Queen  
  76  8:08  Overlord  
  76  8:09  Overlord x6  
  68  8:25  Mutalisk  
  68  8:26  Mutalisk x4  
  74  8:31  Mutalisk  
  72  8:47  Mutalisk  
  64  8:55  Drone x2  
  64  8:56  Drone x3  
  67  9:08  Mutalisk x3, Zergling x2  
  67  9:18  Mutalisk  
  67  9:21  Drone x3  
  69  9:27  Mutalisk  
  67  9:32  Drone x5  
  75  9:59  Drone x2  
  77  10:00  Drone x4  
  83  10:46  Drone x6  
  83  10:47  Drone  
  83  10:49  Extractor  
  89  10:52  Extractor  
  89  10:56  Burrow  
  88  11:01  Roach  
  88  11:02  Zergling x12  
  88  11:03  Zergling x2  
  100  11:04  Zergling x2  
  101  11:51  Hatchery  
  96  12:29  Mutalisk  
  86  12:30  Mutalisk x8  
  92  12:44  Zergling x10  
  97  12:45  Zergling x14  
  97  12:50  Swarm Host  
  110  13:01  Swarm Host  
  107  13:16  Drone x2  
  107  13:18  Queen  
  103  13:44  Zergling x2  
  103  13:45  Zergling x26  
  103  13:46  Zergling x4  
Show
View Real Time Build Order
Export as new Build Order

Anov Terran 

Build Orders: Mech 

Get SALT Encoding   

  12  0:13  SCV  
  13  0:25  SCV, Refinery  
  14  0:30  Refinery  
  14  0:37  SCV  
  14  0:40  Supply Depot  
  15  1:02  SCV  
  16  1:09  Barracks  
  16  1:14  SCV  
  17  1:20  Supply Depot  
  17  1:26  SCV  
  18  1:38  SCV  
  19  1:50  SCV  
  20  1:57  Factory  
  20  1:59  Barracks Reactor  
  20  2:02  SCV  
  21  2:15  SCV  
  22  2:27  SCV  
  23  2:35  Command Center  
  23  2:39  SCV  
  24  2:44  Marine x2  
  26  2:56  Hellion  
  28  3:02  Marine x2  
  30  3:19  Armory  
  30  3:26  Armory  
  23  3:42  Hellion  
  23  3:43  Marine  
  23  3:44  Marine  
  27  4:01  Marine  
  27  4:02  Marine  
  29  4:35  Factory Reactor  
  29  4:42  Orbital Command, Factory  
  29  4:45  Factory  
  29  5:00  Orbital Command  
  29  5:05  Terran Vehicle Weapons Level 1  
  29  5:12  Terran Vehicle And Ship Armor Level 1  
  29  5:24  Hellbat, Orbital Command  
  29  5:25  Hellbat  
  33  5:43  Factory Tech Lab x2  
  33  5:46  Bunker  
  33  5:51  SCV x2  
  35  6:03  SCV x2  
  35  6:04  Starport  
  37  6:14  Engineering Bay  
  37  6:18  Siege Tank  
  40  6:26  Supply Depot  
  40  6:31  Hellbat  
  40  6:32  Hellbat  
  44  6:33  Infernal Pre-Igniter  
  44  6:38  Smart Servos  
  44  6:44  Starport Tech Lab  
  44  6:50  Fusion Core, Terran Infantry Weapons Level 1  
  34  7:18  Siege Tank  
  34  7:19  Siege Tank  
  40  7:23  Hellbat  
  42  7:36  Bunker  
  42  7:43  SCV  
  43  7:45  Battlecruiser  
  43  7:50  Siege Tank  
  52  7:55  Marine x2  
  54  8:06  Supply Depot  
  54  8:11  Refinery  
  54  8:17  Refinery  
  54  8:19  SCV  
  54  8:27  Marine x2, SCV  
  54  8:38  SCV  
  50  8:43  Thor  
  54  9:32  Marine x2  
  50  9:39  Command Center  
  50  9:46  Missile Turret, SCV x2  
  50  9:49  Weapon Refit  
  50  9:50  Marine x2  
  54  10:04  SCV  
  54  10:06  Missile Turret  
  54  10:07  Marine  
  49  10:22  Thor  
  54  10:38  Missile Turret  
  54  10:47  Supply Depot x2  
  54  10:50  SCV x2  
  54  10:51  Battlecruiser  
  54  10:52  Terran Vehicle Weapons Level 2  
  62  11:03  SCV x2, Hi-Sec Auto Tracking  
  64  11:11  Supply Depot  
  64  11:15  SCV x2, Missile Turret  
  66  11:18  Marine  
  66  11:19  Marine  
  68  11:26  Bunker  
  68  11:27  SCV  
  68  11:32  Supply Depot  
  69  11:36  Marine  
  70  11:43  SCV  
  71  12:00  Neosteel Armor  
  57  12:58  Battlecruiser  
  57  13:16  SCV  
  57  13:17  SCV  
  59  13:21  Hellbat  
  47  13:43  Hellbat x2  
  47  13:48  SCV x2  
Tags
 
Composition
Mech
Matchup
TvZ
Opening
Pool First
Replay Pack
Multiplayer
Spawn Locations
Cross Positions
Add a new tag
Caveats
  • Supply blocks, unpowered buildings, or Contaminate may cause inaccurate times.
  • Supply counts are checked every 10 seconds.